 Dungeon Crawl Stone Soup version 0.30-a0-57-g8b159a9891 (webtiles) character file.

Game seed: 11008204123000962312

13 Malachi the Shooter (level 2, 22/22 HPs)
             Began as a Demonspawn Hunter on Sept 12, 2022.
             Got out of the dungeon alive.
             The game lasted 00:00:10 (56 turns).

Malachi the Shooter (Demonspawn Hunter)               Turns: 56, Time: 00:00:10

Health: 22/22      AC:  3    Str: 11    XL:     2   Next: 24%
Magic:  2/2        EV: 11    Int: 10    God:
Gold:   0          SH:  0    Dex: 16    Spells: 1/1 levels left

rFire   . . .      SeeInvis .    a - +0 shortbow
rCold   . . .      Faith    .    (shield currently unavailable)
rNeg    . . .      Spirit   .    c - +0 leather armour
rPois   .          Reflect  .    (no helmet)
rElec   .          Harm     .    (no cloak)
rCorr   .          Rampage  .    (no gloves)
Will    .....                    (no boots)
Stlth   +.........               (no amulet)
HPRegen 0.07/turn                (no ring)
MPRegen 0.08/turn                (no ring)

@: no status effects
A: weakness stinger 1
a: no special abilities


You escaped.
You visited 1 branch of the dungeon, and saw 1 of its levels.

Inventory:

Hand Weapons
 a - a +0 shortbow (weapon)
Armour
 c - a +0 leather armour (worn)
Scrolls
 b - a scroll of immolation


   Skills:
 - Level 2.0 Fighting
 + Level 4.2 Ranged Weapons
 - Level 1.7 Dodging
 - Level 0.8 Stealth


You had one spell level left.
You didn't know any spells.
Your spell library was empty.

Dungeon Overview and Level Annotations

Branches:
Dungeon (1/15)

Altars:


Innate Abilities, Weirdness & Mutations

You have a small tail.


Message History

You kill the rat!
No target in view!
No target in view!
No target in view!
There is an open door here.
You open the door.
There is an open door here.
You open the door.
There is an open door here.
A gnoll comes into view. It is wielding a +0 spear.
A gnoll is nearby!
A gnoll is nearby!
A gnoll is nearby!
You shoot an arrow. The arrow hits the gnoll.
The gnoll shouts!
The gnoll is moderately wounded.
A dart slug comes into view.
You shoot an arrow. The arrow hits the gnoll!
You kill the gnoll!
Your Ranged Weapons skill increases to level 4!
You have reached level 2!
Your demonic ancestry asserts itself...
You grow a small tail.
A dart slug is nearby!
You shoot an arrow. The arrow hits the dart slug.
The dart slug is heavily wounded.
You shoot an arrow. The arrow hits the dart slug!
You kill the dart slug!
No target in view!
No target in view!
No target in view!
There is an open door here.
There is an open door here.
There is an open door here.
There is an open door here.
There is an open door here.
There is an open door here.
There is a staircase leading out of the dungeon here.
Are you sure you want to leave the Dungeon?
This will make you lose the game!
You have escaped!

##### .....
.....##################
......#...#...#...#...#
#....'...'...'...'...#
#...##...#...#...#...#
#... ##'###########'##
#... #...# #...#...#
..... #...# +.@.'...#
####) #...# #...#...#
#† ##+## ##+###+## #.


There were no monsters in sight!

Vanquished Creatures
  A gnoll (D:1)
  A dart slug (D:1)
  A rat (D:1)
3 creatures vanquished.

Notes
Turn   | Place    | Note
-------+----------+-------------------------------------------
     0 | D:1      | Malachi the Demonspawn Hunter began the quest for the Orb.
     0 | D:1      | Reached XP level 1. HP: 16/16 MP: 1/1
    34 | D:1      | Reached skill level 4 in Ranged Weapons
    34 | D:1      | Gained mutation: You have a small tail. [demonic ancestry]
    34 | D:1      | Reached XP level 2. HP: 22/22 MP: 2/2
    56 | D:$      | Got out of the dungeon alive.

Illustrated notes

Levels and vault maps discovered:
D:1:      co_arrival_random_square_maze, layout_basic,
          dreamdust_mushroom_princess

Skill      XL: |  1 |
---------------+----+-----
Ranged Weapons | 4 |  4.2
Fighting       | |  2.0
Dodging        | |  1.7
Stealth        | |  0.8

Action                   || total
-------------------------++-------
 Fire: Shortbow          ||     6

Table legend: (Time is in decaauts)
 A = Elapsed time spent in this place.
 B = Non-inter-level travel time spent in this place.
 C = Inter-level travel time spent in this place.
 D = Time resting spent in this place.
 E = Time spent auto-exploring this place.
 F = Levels seen in this place.
 G = Mean time per level.
                   A        B        C        D        E       F      G
               +--------+--------+--------+--------+--------+-----+--------+
         Total |     58 |     39 |     19 |      0 |     28 |   1 |   58.0 |
       Dungeon |     58 |     39 |     19 |      0 |     28 |   1 |   58.0 |
               +--------+--------+--------+--------+--------+-----+--------+

Top non-repeatable levels by time:
     D:1: 58 daAuts
